 Dungeon Crawl Stone Soup version 0.24.0-1-gfbc8707 (webtiles) character file.

Game seed: 8569359850046521379, levelgen mode: deterministic

110021 Buxparty the Fighter (level 16, -1/127 HPs)
             Began as a Mummy Gladiator on Jan 9, 2020.
             Was an Initiate of Gozag.
             Slain by a raiju (3 damage)
             ... on level 1 of the Abyss.
             The game lasted 02:07:03 (33355 turns).

Buxparty the Fighter (Mummy Gladiator)             Turns: 33355, Time: 02:07:03

Health: -1/127     AC: 35    Str: 46      XL:     16   Next: 6%
Magic:  16/16      EV: 19    Int: 12 (13) God:    Gozag
Gold:   2602       SH: 17    Dex: 19      Spells: 15/15 levels left

rFire    + + +     SeeInvis +   r - +9 dagger "Ystos" {pain, *Drain rPois rF+++ rN+}
rCold    + + .     Gourm    .   I - +2 shield {AC+3}
rNeg     + + +     Faith    .   o - +12 chain mail of Okawaru's Hope {-Cast rPois Slay+6 Stlth+}
rPois    ∞         Spirit   .   U - +0 helmet of Life {Str+3 Int+4}
rElec    +         Reflect  .   V - +2 cloak of Hedge Wizardry {rCorr Str+5 Dex-2}
rCorr    +         Harm     .   H - +1 pair of gloves {Str+3}
MR       +++..     NoCast   +   p - +0 pair of boots
Stlth    +.........             (no amulet)
HPRegen  0.31/turn              a - +3 ring of strength
MPRegen  0.15/turn              T - ring of Xiokly {MR+ Str+5 Int-3 SInv}

@: mighty, brilliant, agile, about to teleport, resistant, flying
A: no food or potions, fire vulnerability, cold resistance 1, negative energy
resistance 3, torment resistance, unbreathing, in touch with death 1
a: Potion Petition, Call Merchant, Bribe Branch, Renounce Religion


You were on level 1 of the Abyss.
You worshipped Gozag.
Gozag was most pleased with you.
You were not hungry.

You visited 5 branches of the dungeon, and saw 27 of its levels.
You visited the Abyss 1 time.
You also visited: Sewer, Ice Cave and Volcano.

You collected 9538 gold pieces.
You spent 2150 gold pieces at shops.
You paid 4786 gold pieces to Gozag.

Inventory:

Hand Weapons
 m - a +4 spear of venom
 r - the +9 dagger "Ystos" (weapon) {pain, *Drain rPois rF+++ rN+}
   (You found it on level 5 of the Dungeon)

   In the hands of one skilled in necromantic magic, it inflicts extra damage on
   living creatures.
   It renders you almost immune to fire.
   It protects you from poison.
   It protects you from negative energy.
   It causes draining when unequipped.
 G - the +7 mace of Variability {chain chaos}
   (You found it on level 10 of the Dungeon)

   Each time it hits an enemy it has a different, random effect.
 S - the +8 battleaxe of Drought {venom, MP+9 Int-4 Dex+2}
   (You found it in an ice cave)

   It poisons the flesh of those it strikes.
   It affects your intelligence (-4).
   It affects your dexterity (+2).
   It affects your magic capacity (+9).
Missiles
 b - 27 boomerangs
 d - 6 throwing nets
 i - 8 curare-tipped darts
 j - 31 poisoned darts (quivered)
 t - 471 arrows
 x - 2 boomerangs of dispersal
 O - 6 silver javelins
Armour
 c - a +6 scale mail of cold resistance
 o - the +12 chain mail of Okawaru's Hope (worn) {-Cast rPois Slay+6 Stlth+}
   (You found it on level 11 of the Dungeon)

   It affects your accuracy and damage with ranged weapons and melee attacks
   (+6).
   It protects you from poison.
   It prevents spellcasting.
   It makes you more stealthy.
 p - a +0 pair of boots (worn)
 H - a +1 pair of gloves of strength (worn)
 I - a +2 shield of protection (worn)
 U - the +0 helmet of Life (worn) {Str+3 Int+4}
   (You bought it in a shop on level 6 of the Lair of Beasts)

   It affects your strength (+3).
   It affects your intelligence (+4).
 V - the +2 cloak of Hedge Wizardry (worn) {rCorr Str+5 Dex-2}
   (You bought it in a shop on level 6 of the Lair of Beasts)

   It affects your strength (+5).
   It affects your dexterity (-2).
   It provides partial protection from all sources of acid and corrosion.
Jewellery
 a - a +3 ring of strength (left hand)
 g - an uncursed ring of flight
 u - a +3 ring of slaying
 w - an uncursed ring of positive energy {unknown}
 y - an uncursed amulet of the acrobat
 B - a +3 ring of evasion
 K - an uncursed ring of protection from fire
 R - an uncursed ring of fire
 T - the ring of Xiokly (right hand) {MR+ Str+5 Int-3 SInv}
   (You found it on level 6 of the Lair of Beasts)

   [ring of see invisible]

   It affects your strength (+5).
   It affects your intelligence (-3).
   It affects your resistance to hostile enchantments.
   It lets you see invisible.
 X - an uncursed ring of wizardry {unknown}
Wands
 k - a wand of enslavement (7)
 l - a wand of paralysis (47)
 q - a wand of random effects (35)
 z - a wand of flame (32)
 A - a wand of polymorph (17)
 C - a wand of disintegration (13)
 D - a wand of iceblast (16)
 E - a wand of acid (13)
 F - a wand of digging (3)
Scrolls
 e - 14 scrolls of teleportation
 f - 14 scrolls of identify
 h - 12 scrolls of remove curse
 n - 2 scrolls of fear
 s - 3 scrolls of amnesia
 v - 4 scrolls of blinking
 J - a scroll of torment
 M - a scroll of enchant armour
 N - 2 scrolls of enchant weapon
 P - 5 scrolls of magic mapping
Miscellaneous
 L - a phial of floods (inert)
 Q - a lamp of fire
 W - 2 sacks of spiders


   Skills:
 + Level 11.9 Fighting
 - Level 10.0 Short Blades
 - Level 8.4 Polearms
 + Level 10.7 Throwing
 - Level 10.9 Armour
 - Level 6.1 Dodging
 + Level 10.4 Shields


You had 15 spell levels left.
You didn't know any spells.
Your spell library contained the following spells:

 Spells                   Type           Power        Failure   Level  Hunger
 Confusing Touch          Hex            #.....       16%         1    N/A
 Corona                   Hex            #......      16%         1    N/A
 Freeze                   Ice            #...         16%         1    N/A
 Summon Small Mammal      Summ           #...         16%         1    N/A
 Call Imp                 Summ           #.......     22%         2    N/A
 Ensorcelled Hibernation  Hex/Ice        #.....       22%         2    N/A
 Sticks to Snakes         Tmut           #.......     22%         2    N/A
 Throw Frost              Conj/Ice       #.....       22%         2    N/A
 Call Canine Familiar     Summ           #.......     38%         3    N/A
 Confuse                  Hex            #.......     38%         3    N/A
 Dazzling Spray           Conj/Hex       #.....       38%         3    N/A
 Gell's Gravitas          Tloc           #.........   38%         3    N/A
 Ozocubu's Armour         Chrm/Ice       #.......     38%         3    N/A
 Summon Guardian Golem    Hex/Summ       #.......     38%         3    N/A
 Tukima's Dance           Hex            #.......     38%         3    N/A
 Leda's Liquefaction      Hex/Erth       #.........   73%         4    N/A
 Petrify                  Tmut/Erth      #.......     73%         4    N/A
 Summon Ice Beast         Ice/Summ       #.......     73%         4    N/A
 Summon Lightning Spire   Summ/Air       #.......     73%         4    N/A
 Throw Icicle             Conj/Ice       #.......     73%         4    N/A
 Bolt of Magma            Conj/Fire/Erth #.........   95%         5    N/A
 Metabolic Englaciation   Hex/Ice        #.........   95%         5    N/A
 Silence                  Hex/Air        #.........   95%         5    N/A
 Yara's Violent Unravell  Hex/Tmut       #.........   95%         5    N/A
 Conjure Ball Lightning   Conj/Air       #.........   100%        6    N/A
 Deflect Missiles         Chrm/Air       #.........   100%        6    N/A
 Iron Shot                Conj/Erth      #.........   100%        6    N/A
 Poison Arrow             Conj/Pois      #.........   100%        6    N/A
 Chain Lightning          Conj/Air       #.........   100%        8    N/A
 Lehudib's Crystal Spear  Conj/Erth      #.........   100%        8    N/A
 Fire Storm               Conj/Fire      #.........   100%        9    N/A
 Glaciate                 Conj/Ice       #.........   100%        9    N/A
 Shatter                  Erth           #.........   100%        9    N/A
 Tornado                  Air            #.........   100%        9    N/A
 Beastly Appendage        Tmut           Unusable     N/A         1    N/A
 Spider Form              Tmut/Pois      Unusable     N/A         3    N/A
 Ice Form                 Ice/Tmut       Unusable     N/A         4    N/A
 Blade Hands              Tmut           Unusable     N/A         5    N/A
 Statue Form              Tmut/Erth      Unusable     N/A         6    N/A

Dungeon Overview and Level Annotations

Branches:
Dungeon (14/15)            Temple (1/1) D:5            Lair (6/6) D:11
  Swamp (4/4) Lair:3       Spider (0/4) Lair:2        Slime (0/5) Lair:5
    Orc (2/2) D:12            Elf (0/3) Orc:2         Sewer (visited)
  IceCv (visited)         Volcano (visited)
 Vaults: D:13-14

Altars:
Ashenzari
Cheibriados
Dithmenos
Elyvilon
Fedhas
Gozag
Hepliaklqana
Kikubaaqudgha
Makhleb
Nemelex Xobeh
Okawaru
Qazlal
Ru
Sif Muna
Trog
Uskayaw
Vehumet
Wu Jian
Xom
Yredelemnul
Zin
The Shining One
Jiyva

Shops:
D:3 *   D:10 [   Orc:1 *   Orc:2 !?   Lair:1 }   Lair:3 *   Lair:6 [

Portals:
Trove: D:10 (give 2 scrolls of acquirement)

Annotations:
D:14 Jorgrun
Lair:3 exclusion: oklob plant
Swamp:1 Roxanne


Innate Abilities, Weirdness & Mutations

You do not eat or drink.
Your flesh is vulnerable to fire.
You are immune to poison.
Your flesh is cold resistant. (rC+)
You are immune to negative energy. (rN+++)
You are immune to unholy pain and torment.
You can survive without breathing.
You are in touch with the powers of death.


Message History

The raiju bites you but does no damage.
The deep elf elementalist casts a spell at you.
Some walls begin to move on their own!
The ynoxinul gestures.
The Executioner misses you.
The Executioner hits you but does no damage. x2
You hear a deafening roar!
You hear an angry squeal.
A starspawn tentacle comes into view.
The Executioner slips free of the water.
The Executioner hits you but does no damage.
You block the Executioner's attack. The Executioner misses you.
A chorus of shrieks assaults your mind.
* * * LOW HITPOINT WARNING * * *
The raiju bursts into living lightning!
The living lightning hits you. You resist.
* * * LOW HITPOINT WARNING * * *
The living lightning hits the raiju.
The raiju completely resists.
The raiju blinks!
The raiju bites you.
You die...
Your body crumbles into a pile of gold.

#...XE..#
#.#xX.###
#X##E#..#
#..EEEE.#
###≈≈E###
###.≈e§.#
#..E≈EE.##
≈
#..≈.h1.§#
#h.h5@§.###
###.53###.
# #..... .#
. #.#.## #
...#.##. .
.# ####X##.
. #w# . .#
...## . ..


You could see 2 starcursed masses, a tentacled starspawn, an Executioner, a deep
elf elementalist, 8 earth elementals, 3 raiju, a ynoxinul, a small abomination,
a starspawn tentacle, 2 ufetubi and a friendly water elemental.

Vanquished Creatures
  2 orc warlords
  The ghost of Murgh the Cleaver, a journeyman MiBe of Trog (Lair:4)
  Snorg (D:13)
  A great orb of eyes (D:13)
  9 hydras
  4 shambling mangroves
  A death knight (D:12)
  2 catoblepae (Lair:6)
  A deep troll shaman (Lair:6)
  4 centaur warriors (D:13)
  12 alligators
  A tengu warrior (D:14)
  Erica (D:8)
  5 death yaks
  A thrashing horror (Abyss:1)
  Sonja (D:12)
  A fire crab (Lair:6)
  A wretched star (Abyss:1)
  A sixfirhy (Abyss:1)
  A skeletal warrior (D:13)
  2 unseen horrors
  A spriggan druid (Swamp:2)
  A lindwurm (Lair:6)
  2 swamp dragons (Swamp:1)
  A wolf spider zombie (D:13)
  A deep elf mage (D:13)
  Pikel (D:5)
  A necromancer (D:13)
  An orc knight (Orc:2)
  2 wolf spiders (Lair:2)
  6 ugly things
  3 orc sorcerers
  3 salamanders (Volcano)
  2 cyclopes
  A manticore (D:12)
  14 elephants
  A rust devil (Orc:2)
  3 black mambas
  2 ice statues (IceCv)
  19 spiny frogs
  3 rime drakes (Lair:4)
  10 komodo dragons
  A freezing wraith (D:13)
  2 trolls
  A raiju (shapeshifter) (D:14)
  4 raiju (Abyss:1)
  10 tyrant leeches
  5 hornets
  4 blink frogs (Lair:2)
  Prince Ribbit (D:7)
  8 hippogriffs
  A bog body (Swamp:4)
  4 slime creatures
  A meliai zombie (D:13)
  6 dream sheep
  A hippogriff (shapeshifter) (D:14)
  A ynoxinul (Abyss:1)
  13 spriggans
  2 redbacks (Lair:2)
  7 wyverns
  3 wraiths
  A shadow (D:11)
  26 yaks
  A catoblepas simulacrum (Lair:4)
  4 basilisks
  3 fire bats (Volcano)
  2 hungry ghosts (D:8)
  2 chaos spawn
  21 vampire mosquitoes
  Grum (D:9)
  7 wargs
  Menkaure (D:4)
  11 insubstantial wisps
  14 swamp worms
  13 water moccasins
  3 acid dragons
  11 porcupines
  2 hell hounds (Lair:5)
  34 orc warriors
  A hornet zombie (D:11)
  2 swamp drakes (Swamp:1)
  7 ice beasts
  3 sky beasts
  2 large abominations (Abyss:1)
  4 phantoms
  10 ogres
  2 black bears
  14 centaurs
  7 necrophages
  A boggart (D:13)
  29 wolves
  3 big kobolds
  17 crocodiles
  14 bullfrogs
  Blork the orc (D:5)
  A gnoll sergeant (D:6)
  A wyvern skeleton (D:12)
  11 scorpions
  An elephant simulacrum (Lair:4)
  66 killer bees
  12 wights
  4 howler monkeys
  3 rime drake simulacra (Lair:4)
  2 electric eels (Lair:3)
  3 bullfrog zombies
  4 centaur zombies
  5 crimson imps
  A wyvern simulacrum (Lair:4)
  5 hounds
  6 jellies
  12 orc priests
  16 orc wizards
  Crazy Yiuf (D:6)
  6 bullfrog skeletons
  2 centaur skeletons
  5 iguanas
  Ijyb (D:5)
  7 hell rats (Lair:3)
  13 worker ants
  A hound skeleton (D:11)
  A howler monkey zombie (D:11)
  2 worker ant zombies (D:8)
  A howler monkey skeleton (D:7)
  22 adders
  18 gnolls
  20 river rats
  2 shadow imps (D:10)
  A white imp (Abyss:1)
  2 adder zombies
  8 oozes
  An adder skeleton (D:6)
  7 worms
  4 dart slugs
  3 leopard geckos
  77 orcs
  8 bats
  7 giant cockroaches
  10 goblins
  5 hobgoblins
  8 jackals
  12 quokkas
  5 ball pythons
  4 frilled lizards
  19 kobolds
  A quokka zombie (D:6)
  19 rats
936 creatures vanquished.

Vanquished Creatures (others)
  A two-headed ogre (Volcano)
  2 orc warriors (D:8)
  A swamp drake (Swamp:1)
  An ogre (D:8)
  A centaur (Volcano)
  3 bullfrogs (D:8)
  A scorpion (D:8)
  A crimson imp (D:8)
  An iguana (D:8)
  An orc wizard (D:8)
  8 fungi
  8 plants
  2 starspawn tentacles (Abyss:1)
31 creatures vanquished.

Grand Total: 967 creatures vanquished

Notes
Turn   | Place    | Note
-------+----------+-------------------------------------------
     0 | D:1      | Buxparty the Mummy Gladiator began the quest for the Orb.
     0 | D:1      | Reached XP level 1. HP: 16/16 MP: 1/1
   270 | D:1      | Reached XP level 2. HP: 22/22 MP: 2/2
   912 | D:1      | Reached XP level 3. HP: 28/28 MP: 3/3
  1387 | D:2      | Reached XP level 4. HP: 27/34 MP: 4/4
  1419 | D:2      | Found an iron altar of Okawaru.
  1520 | D:2      | Noticed an ogre
  1535 | D:2      | Killed an ogre
  1535 | D:2      | Reached skill level 3 in Fighting
  1535 | D:2      | Reached XP level 5. HP: 25/41 MP: 5/5
  2222 | D:3      | Found a glowing silver altar of Zin.
  2224 | D:3      | Found Zin's Purification Station.
  2952 | D:3      | Reached XP level 6. HP: 32/47 MP: 6/6
  3554 | D:3      | Found a white marble altar of Elyvilon.
  4060 | D:4      | Reached skill level 4 in Fighting
  4109 | D:4      | Reached skill level 5 in Polearms
  4133 | D:4      | Reached XP level 7. HP: 48/54 MP: 7/7
  4461 | D:4      | Found a shadowy altar of Dithmenos.
  4485 | D:4      | Noticed Menkaure
  4500 | D:4      | Killed Menkaure
  4800 | D:5      | Entered Level 5 of the Dungeon
  5085 | D:5      | Reached XP level 8. HP: 61/61 MP: 8/8
  5097 | D:5      | Found a glowing drain.
  5101 | Sewer    | Entered a sewer
  5175 | Sewer    | Reached skill level 5 in Fighting
  5210 | Sewer    | Found a white marble altar of Elyvilon.
  5370 | D:5      | Found a staircase to the Ecumenical Temple.
  5407 | Temple   | Entered the Ecumenical Temple
  5607 | D:5      | Noticed Ijyb
  5627 | D:5      | Killed Ijyb
  5686 | D:5      | Noticed Pikel
  5736 | D:5      | Killed Pikel
  5736 | D:5      | Reached skill level 1 in Armour
  5736 | D:5      | Reached skill level 5 in Dodging
  5807 | D:5      | Got a translucent dagger
  6139 | D:5      | Found an opulent altar of Gozag.
  6147 | D:5      | Became a worshipper of Gozag Ym Sagoz the Greedy
  6249 | D:5      | Noticed Blork the orc
  6266 | D:5      | Killed Blork the orc
  6595 | D:6      | Reached XP level 9. HP: 68/68 MP: 9/9
  6703 | D:6      | Found a snail-covered altar of Cheibriados.
  7283 | D:6      | Found the +7 Singing Sword {slice, sonic wave}
  7443 | D:6      | Found a runed translucent door.
  7444 | D:6      | Noticed Crazy Yiuf
  7450 | D:6      | Killed Crazy Yiuf
  7513 | D:7      | Noticed Prince Ribbit
  7525 | D:7      | Killed Prince Ribbit
  7788 | D:7      | Identified the +9 dagger "Ystos" {pain, *Drain rPois rF+++
                  | rN+} (You found it on level 5 of the Dungeon)
  7866 | D:7      | Reached skill level 1 in Short Blades
  8391 | D:8      | Reached XP level 10. HP: 64/74 MP: 10/10
  8520 | D:8      | Found a shimmering altar of Xom.
  8925 | D:8      | Noticed Erica
  8948 | D:8      | Killed Erica
  8948 | D:8      | Reached skill level 5 in Armour
  9148 | D:8      | Reached skill level 5 in Short Blades
  9743 | D:9      | Noticed a two-headed ogre
 10173 | D:10     | Entered Level 10 of the Dungeon
 10584 | D:10     | Found the +7 mace of Variability {chain chaos}
 10596 | D:10     | Reached XP level 11. HP: 71/80 MP: 11/11
 10597 | D:10     | Found a shimmering altar of Xom.
 10873 | D:9      | Noticed Grum
 10894 | D:9      | Killed Grum
 11454 | D:10     | Bought a +1 pair of gloves of strength for 231 gold pieces
 11454 | D:10     | Bought a +2 shield of protection for 301 gold pieces
 11500 | D:10     | Found a portal to a secret trove of treasure.
 11825 | D:10     | Bought a +3 scale mail of cold resistance for 364 gold
                  | pieces
 12293 | D:11     | Killed an unseen horror
 12512 | D:11     | Got a shimmering chain mail
 12513 | D:11     | Identified the +12 chain mail of Okawaru's Hope {-Cast
                  | rPois Slay+6 Stlth+} (You found it on level 11 of the
                  | Dungeon)
 12864 | D:11     | Found a staircase to the Lair.
 12892 | D:12     | Noticed a white ugly thing
 12902 | D:12     | Killed a white ugly thing
 12914 | D:12     | Noticed a purple ugly thing
 12936 | D:12     | Killed a purple ugly thing
 13032 | D:12     | Noticed Sonja
 13116 | D:12     | Killed Sonja
 13116 | D:12     | Reached skill level 10 in Short Blades
 13116 | D:12     | Reached XP level 12. HP: 77/86 MP: 12/12
 13209 | D:12     | Got a fine ring mail
 13220 | D:12     | Identified the cursed +1 ring mail of Calculation {rC+}
                  | (You found it on level 12 of the Dungeon)
 13363 | D:12     | Reached skill level 1 in Shields
 13492 | D:12     | Found a staircase to the Orcish Mines.
 13889 | D:13     | Noticed a centaur warrior
 13936 | D:13     | Noticed a centaur warrior
 13971 | D:13     | Killed a centaur warrior
 14351 | D:13     | Noticed a death knight
 14449 | D:12     | Killed a death knight
 14744 | D:13     | Noticed a great orb of eyes
 14761 | D:13     | Paralysed by a great orb of eyes for 4 turns
 14773 | D:13     | Killed a great orb of eyes
 15185 | D:13     | Reached skill level 5 in Throwing
 15200 | D:13     | Noticed a centaur warrior
 15212 | D:13     | Killed a centaur warrior
 15330 | D:13     | Noticed Snorg
 15346 | D:13     | Killed Snorg
 15407 | D:13     | Gained mutation: You are in touch with the powers of death.
                  | [Mummy growth]
 15407 | D:13     | Reached XP level 13. HP: 91/91 MP: 13/13
 15449 | D:13     | Reached skill level 5 in Shields
 16163 | D:14     | Noticed Jorgrun
 16562 | Lair:1   | Entered Level 1 of the Lair of Beasts
 16598 | Lair:1   | Reached skill level 6 in Fighting
 17373 | Lair:2   | Reached skill level 10 in Armour
 17458 | Lair:2   | Found a hole to the Spider Nest.
 17920 | Lair:2   | Reached skill level 7 in Fighting
 19297 | Lair:3   | Reached XP level 14. HP: 103/103 MP: 14/14
 19743 | Lair:3   | Found a staircase to the Swamp.
 20023 | Lair:3   | Got an ancient leather armour
 20024 | Lair:3   | Identified the +0 leather armour of Anaesthesia {rPois
                  | Int-5 Dex+2} (You found it on level 3 of the Lair of
                  | Beasts)
 20221 | Lair:4   | Noticed Murgh's ghost (journeyman MiBe)
 20637 | Lair:4   | Found a runed translucent gate.
 20637 | Lair:4   | Found a runed translucent gate.
 20637 | Lair:4   | Found a runed translucent gate.
 20758 | Lair:4   | Killed Murgh's ghost
 20758 | Lair:4   | Reached skill level 8 in Fighting
 21297 | Lair:5   | Found a dark tunnel.
 21312 | Volcano  | Entered a volcano
 21636 | Lair:5   | Found a staircase to the Slime Pits.
 21636 | Lair:5   | Found a viscous altar of Jiyva.
 22864 | Lair:6   | Entered Level 6 of the Lair of Beasts
 23506 | Lair:5   | Reached skill level 9 in Fighting
 24141 | Lair:6   | Bought a faintly humming chain mail for 418 gold pieces
 24141 | Lair:6   | Bought a smoking helmet for 418 gold pieces
 24141 | Lair:6   | Bought a faintly glowing cloak for 418 gold pieces
 24151 | Lair:6   | Identified the +3 chain mail of Fortification {rPois Dex+2}
                  | (You bought it in a shop on level 6 of the Lair of Beasts)
 24172 | Lair:6   | Identified the +0 helmet of Life {Str+3 Int+4} (You bought
                  | it in a shop on level 6 of the Lair of Beasts)
 24182 | Lair:6   | Identified the +2 cloak of Hedge Wizardry {rCorr Str+5
                  | Dex-2} (You bought it in a shop on level 6 of the Lair of
                  | Beasts)
 25197 | Lair:6   | Got a warped platinum ring
 26147 | Swamp:1  | Entered Level 1 of the Swamp
 26171 | Swamp:1  | Reached XP level 15. HP: 91/115 MP: 15/15
 26206 | Swamp:1  | Reached skill level 10 in Fighting
 26838 | Swamp:1  | Noticed Roxanne
 29348 | Swamp:3  | Reached skill level 11 in Fighting
 29364 | Swamp:4  | Entered Level 4 of the Swamp
 29364 | Swamp:4  | Noticed a thorn hunter
 29743 | Swamp:3  | Reached skill level 10 in Throwing
 30481 | Orc:1    | Entered Level 1 of the Orcish Mines
 30484 | Orc:1    | Noticed an orc warlord
 30497 | D:12     | Reached skill level 10 in Shields
 30615 | Orc:1    | Killed an orc warlord
 30697 | Orc:1    | Found a frozen archway.
 30697 | Orc:1    | Found Iheamn's Mayhem Merchandise.
 30720 | IceCv    | Entered an ice cave
 30736 | IceCv    | Found a transporter.
 30810 | IceCv    | Found a transporter.
 31139 | IceCv    | Got a twisted battleaxe
 31459 | Orc:2    | Entered Level 2 of the Orcish Mines
 31463 | Orc:2    | Identified the ring of Xiokly {MR+ Str+5 Int-3 SInv} (You
                  | found it on level 6 of the Lair of Beasts)
 31735 | Orc:2    | Identified the +8 battleaxe of Drought {venom, MP+9 Int-4
                  | Dex+2} (You found it in an ice cave)
 31836 | Orc:2    | Found a staircase to the Elven Halls.
 31841 | Orc:2    | Noticed an orc warlord
 32424 | Orc:2    | Killed an orc warlord
 32662 | Orc:2    | Found Moiqonub's Magic Scroll Emporium.
 32671 | Orc:2    | Found Xoalozoh's Distillery.
 32699 | Orc:2    | Cast into level 1 of the Abyss (red devil)
 32775 | Abyss:1  | Reached XP level 16. HP: 117/127 MP: 16/16
 32938 | Abyss:1  | Noticed a bone dragon
 32949 | Abyss:1  | Noticed a tentacled starspawn
 32982 | Abyss:1  | Noticed a Hell Sentinel
 33346 | Abyss:1  | Noticed an Executioner
 33353 | Abyss:1  | Noticed a tentacled starspawn
 33355 | Abyss:1  | HP: 5/127 [starcursed mass/accursed screaming (7)]
 33355 | Abyss:1  | HP: 2/127 [raiju/living lightning (3)]
 33355 | Abyss:1  | Slain by a raiju

Levels and vault maps discovered:
D:1:      tarquinn_simple_flora_water_c, layout_basic, minmay_tree_intersection
D:2:      layout_loops_ring, okawaru_metal_pillars_1_2, first_ration,
          minmay_fractal_squares_5
D:3:      layout_basic, zin_purify, elyvilon_altar_3
D:4:      layout_basic, kennysheep_mini, minmay_distorted, uniq_menkaure
D:5:      layout_loops_corners, marbit_many_paths,
          minmay_temple_entry_statues_fountains, gup_sewer_entry_spiral,
          grunt_ministairs_1, uniq_blork_the_orc, uniq_ijyb, uniq_pikel
D:6:      old_forge, layout_basic, kennysheep_slug_shrine, st_stairs_14,
          uniq_crazy_yiuf_cottage
D:7:      kb_forest_paths, layout_basic, uniq_prince_ribbit1
D:8:      layout_loops_ring, hangedman_little_slice_of_home,
          xom_confusion_cloud, uniq_erica
D:9:      layout_loops_ring, uniq_grum
D:10:     layout_roguey, nicolae_trove_entry_columns,
          minmay_guarded_unrand_variability
D:11:     layout_roguey, grunt_lair_entry_orc_guard_hut
D:12:     layout_rooms, minmay_orc_entry_guard_dogs, uniq_sonja
D:13:     layout_stronghold, minmay_shattered_shrine, uniq_snorg
D:14:     layout_irregular_city, hangedman_vaults_entry_quadrant_bands,
          nicolae_sextant, glass_columns_a, uniq_jorgrun
Temple:   eino_temple_scatter_basement
Lair:1:   layout_chaotic_city
Lair:2:   wad_woods_minihive, layout_chaotic_city, spider_nest_entry_funnel_web
Lair:3:   lemuel_ratsnest, layout_regular_city, minmay_swamp_entry_swarm,
          infiniplex_staircase_pool, lemuel_fruit_tree, lemuel_fruit_fields,
          minmay_lair_oklob_chamber
Lair:4:   layout_regular_city, gammafunk_ghost_icy
Lair:5:   layout_hall_layers, slime_altar_1, enter_volcano_3,
          roderic_carrion_pond, grunt_megastairs_3
Lair:6:   grunt_lair_end_beastmaster, layout_cave_pods
Swamp:1:  layout_basic_swamp, nicolae_swamp_fairy_circle, uniq_roxanne
Swamp:2:  layout_falls_marsh, hangedman_swamp_pad, swamp_pool4,
          hangedman_swamp_lotus
Swamp:3:  layout_basic_swamp, serial_swamp_ruin, evilmike_swamp_ruin_house_2,
          evilmike_swamp_ruin_house_6, evilmike_swamp_ruin_house_5, swamp_pool4
Swamp:4:  swamp_pestilence, layout_basic_swamp
Orc:1:    layout_caves, portal_ice_cave_entry_pillars_2, minmay_shop_mayhem
Orc:2:    pf_orc_diabolical, layout_diamond_mine
Abyss:1

Skill      XL: |  1  2  3  4  5  6  7  8  9 10 11 12 13 14 15 |
---------------+----------------------------------------------+-----
Polearms       | 3 4 5 6 7 8 |  8.4
Fighting       | 3 4 5 7 9 11 | 11.9
Dodging        | 3 4 5 6 |  6.1
Armour         | 2 4 6 8 9 10 | 10.9
Short Blades   | 3 7 10 | 10.0
Throwing       | 5 7 9 10 | 10.7
Shields        | 4 6 8 10 | 10.4

Action                   |  1- 3 |  4- 6 |  7- 9 | 10-12 | 13-15 | 16-18 || total
-------------------------+-------+-------+-------+-------+-------+-------++-------
Melee: Trident           |   128 |   167 |       |       |       |       ||   295
       Spear             |       |    56 |   353 |       |       |       ||   409
       Dagger            |       |       |    83 |  1039 |  2882 |    68 ||  4072
Throw: Dart              |       |       |     4 |    37 |    18 |       ||    59
       Boomerang         |       |       |       |     6 |     1 |       ||     7
       Javelin           |       |       |       |       |     1 |       ||     1
Invok: Call Merchant     |       |       |       |     1 |     3 |       ||     4
       Potion Petition   |       |       |       |     1 |     3 |     2 ||     6
 Abil: Evoke Flight      |       |       |     1 |       |       |       ||     1
Evoke: Wand              |       |       |       |       |     1 |       ||     1
       Sack of spiders   |       |       |       |       |     5 |       ||     5
       Lamp of fire      |       |       |       |       |     1 |       ||     1
       Phial of floods   |       |       |       |       |       |     1 ||     1
  Use: Scroll            |       |       |     6 |    11 |    10 |     3 ||    30
 Stab: Distracted        |       |       |     1 |     6 |    14 |       ||    21
       Held in net/web   |       |       |     1 |       |       |       ||     1
       Invisible         |       |       |       |       |     1 |       ||     1
Armor: Leather armour    |    13 |       |       |       |       |       ||    13
       Ring mail         |    26 |    47 |    73 |    81 |       |       ||   227
       Chain mail        |       |       |       |   215 |  1021 |    31 ||  1267
       Scale mail        |       |       |       |    41 |       |       ||    41
Dodge: Dodged            |    87 |   121 |   191 |   309 |   847 |    34 ||  1589
Block: Shield            |       |       |    41 |   366 |  1564 |    66 ||  2037
